Map: Ruines de Seras

Players

GloBalZ

  • Race: Zerg Zerg
  • League: Master

Kinder - Winner!

  • Race: Terran Terran
  • League: Master

VOD

Have the link to the VOD?

Description

Time

  • Played on: Jan. 28, 2016, 5:53 p.m.
  • Length: 6:33
Show
View Real Time Build Order
Export as new Build Order

GloBalZ Zerg 

Build Orders: Hatch First 

Get SALT Encoding   

  12  0:01  Drone  
  13  0:13  Overlord  
  13  0:21  Drone  
  13  0:24  Extractor  
  13  0:25  Drone  
  15  0:32  Drone  
  16  0:36  Drone  
  17  0:55  Hatchery  
  16  0:58  Drone  
  16  1:02  Drone  
  18  1:09  Extractor  
  17  1:17  Spawning Pool  
  16  1:20  Drone  
  16  1:24  Drone  
  18  1:37  Drone  
  19  1:45  Overlord  
  19  2:04  Zergling x4  
  19  2:07  Queen x2  
  25  2:09  Drone  
  25  2:14  Metabolic Boost  
  26  2:17  Drone  
  26  2:21  Drone  
  28  2:25  Drone  
  29  2:30  Drone  
  30  2:52  Drone x3  
  30  2:55  Queen  
  35  2:58  Overlord  
  35  3:00  Drone  
  36  3:16  Hatchery  
  35  3:24  Drone  
  35  3:25  Drone x3  
  35  3:26  Drone x3  
  42  3:37  Overlord x2  
  42  3:38  Drone x2  
  42  3:40  Extractor  
  43  3:42  Extractor  
  43  3:43  Drone x2  
  43  3:47  Spine Crawler  
  43  3:52  Spore Crawler, Queen  
  45  3:57  Drone  
  45  4:01  Drone  
  47  4:05  Zergling x14  
  54  4:16  Drone  
  55  4:19  Lair  
  55  4:20  Drone x2  
  57  4:27  Drone x2  
  59  4:40  Drone x3, Overlord  
  59  4:41  Overlord  
  59  4:42  Drone x3  
  65  4:46  Evolution Chamber  
  65  4:47  Evolution Chamber  
  65  4:48  Queen  
  65  4:51  Overlord  
  65  4:56  Extractor  
  64  5:04  Drone x3  
  64  5:05  Drone x2  
  69  5:16  Drone x9  
  78  5:24  Spire  
  73  5:37  Roach Warren  
  73  5:38  Zergling x12  
  78  5:44  Zergling x6  
  81  5:50  Zergling x6  
  84  5:58  Zergling x4  
  86  6:10  Zergling x2  
  83  6:11  Zergling x18  
Show
View Real Time Build Order
Export as new Build Order

Kinder Terran - Winner!

Build Orders: Reaper Expand 

Get SALT Encoding   

  12  0:01  SCV  
  13  0:13  SCV  
  14  0:19  Supply Depot  
  14  0:25  SCV  
  15  0:41  SCV, Barracks  
  16  0:47  Refinery  
  16  0:53  SCV  
  17  1:05  SCV  
  18  1:17  SCV  
  19  1:30  Orbital Command  
  19  1:31  Reaper  
  20  1:51  Command Center  
  20  1:57  Refinery  
  20  1:58  SCV  
  21  2:14  SCV  
  22  2:16  Factory  
  22  2:26  SCV  
  22  2:27  Supply Depot, Barracks Reactor  
  23  2:43  Bunker  
  23  2:48  SCV  
  24  3:00  SCV  
  24  3:04  Orbital Command  
  25  3:10  Hellion x2  
  29  3:13  Barracks Reactor  
  29  3:23  SCV  
  29  3:32  Hellion x2, SCV  
  34  3:40  SCV  
  35  3:42  Starport  
  35  3:45  SCV  
  36  3:49  Barracks  
  36  3:50  Marine  
  36  3:52  Marine  
  38  3:56  Hellion  
  38  3:59  SCV  
  41  4:03  SCV  
  41  4:06  Supply Depot  
  41  4:09  Marine  
  42  4:11  Marine, SCV  
  45  4:26  SCV  
  45  4:28  Hellion, Medivac, SCV  
  45  4:30  Supply Depot  
  51  4:34  Hellion  
  51  4:37  Marine  
  54  4:41  Armory  
  54  4:45  Barracks Tech Lab  
  54  4:46  Supply Depot  
  54  4:51  Marine, Barracks  
  55  5:01  SCV x2  
  55  5:02  Starport Tech Lab  
  57  5:08  Barracks  
  57  5:13  SCV, Barracks  
  57  5:16  Marine x2, Factory Tech Lab  
  59  5:29  SCV x2  
  59  5:30  Marine  
  62  5:41  SCV x2  
  62  5:42  Command Center  
  64  5:47  Banshee  
  67  5:50  Supply Depot  
  67  5:53  Marine, SCV  
  67  5:55  Barracks Reactor  
  69  5:58  SCV  
  70  6:11  Marine x2, SCV  
  70  6:14  Marine x2  
Tags
 
Add a new tag
Caveats
  • Supply blocks, unpowered buildings, or Contaminate may cause inaccurate times.
  • Supply counts are checked every 10 seconds.